 Dungeon Crawl Stone Soup version 0.28.0-53-g5a82cb258f (webtiles) character file.

Game seed: 2474616582826984952

325 funkygono the Slasher (level 6, -6/53 HPs)
             Began as a Minotaur Fighter on June 29, 2022.
             Mangled by an orc warrior
             ... wielding a +0 halberd
              (13 damage)
             ... on level 3 of the Dungeon.
             The game lasted 00:03:40 (3354 turns).

funkygono the Slasher (Minotaur Fighter)            Turns: 3354, Time: 00:03:40

Health: -6/53      AC:  9    Str: 22    XL:     6   Next: 24%
Magic:  0/5        EV:  8    Int:  5    God:
Gold:   90         SH:  4    Dex: 10    Spells: 5/5 levels left

rFire   . . .      SeeInvis .   a - +0 long sword
rCold   . . .      Faith    .   c - +0 buckler
rNeg    . . .      Spirit   +   j - +0 chain mail
rPois   .          Reflect  .   (helmet restricted)
rElec   .          Harm     .   (no cloak)
rCorr   .          Rampage  .   (no gloves)
Will    .....                   (no boots)
Stlth   ..........              k - amulet of guardian spirit
HPRegen 0.17/turn               (no ring)
MPRegen 0.09/turn               (no ring)

@: invisible
A: horns 2, retaliatory headbutt
a: no special abilities


You were on level 3 of the Dungeon.
You visited 1 branch of the dungeon, and saw 3 of its levels.

You collected 116 gold pieces.
You spent 26 gold pieces at shops.

Inventory:

Hand Weapons
 a - a +0 long sword (weapon)
Missiles
 e - 31 bolts
Armour
 c - a +0 buckler (worn)
 j - a +0 chain mail (worn)
Jewellery
 k - an amulet of guardian spirit (around neck)
Wands
 n - a wand of iceblast (6)
Scrolls
 b - a scroll of vulnerability {unknown}
 d - a scroll of magic mapping {unknown}
 h - a scroll of identify
 l - a scroll of teleportation {unknown}
Potions
 f - a potion of resistance
 g - a potion of brilliance
 m - a potion of heal wounds {unknown}


   Skills:
 + Level 4.6 Fighting
 + Level 5.5 Long Blades
 + Level 5.1 Armour
 + Level 1.6 Dodging
 + Level 4.4 Shields


You had 5 spell levels left.
You didn't know any spells.
Your spell library was empty.

Dungeon Overview and Level Annotations

Branches:
Dungeon (3/15)

Altars:

Shops:
D:2 ?


Innate Abilities, Weirdness & Mutations

You have a pair of horns on your head.
You reflexively headbutt those who attack you in melee.


Message History

You see here 25 arrows.
You see here 25 arrows.
You block the orc warrior's attack.
You see here 25 arrows.
You hit the orc warrior. Your headbutt misses the orc warrior.
The orc warrior is lightly wounded.
The orc warrior hits you with a +0 halberd.
You hit the orc warrior but do no damage.
You headbutt the orc warrior!
The orc warrior is moderately wounded.
The orc warrior hits you with a +0 halberd.
You closely miss the orc warrior.
The orc warrior is moderately wounded.
The orc warrior hits you with a +0 halberd.
The orc warrior barely misses you.
You closely miss the orc warrior.
The orc warrior is moderately wounded.
The orc warrior hits you with a +0 halberd!
You hit the orc warrior but do no damage.
Your headbutt misses the orc warrior.
The orc warrior is moderately wounded.
The orc warrior hits you with a +0 halberd!
You barely miss the orc warrior. Your headbutt misses the orc warrior.
The orc warrior is moderately wounded.
The orc warrior hits you with a +0 halberd!
* * * LOW HITPOINT WARNING * * *
You fade into invisibility!
You block the orc warrior's attack.
You hit the orc warrior. Your headbutt misses the orc warrior.
The orc warrior is moderately wounded.
You block the orc warrior's attack.
You barely miss the orc warrior.
The orc warrior is moderately wounded.
You block the orc warrior's attack.
You closely miss the orc warrior.
The orc warrior is moderately wounded.
The orc warrior hits you with a +0 halberd.
* * * LOW HITPOINT WARNING * * *
The orc warrior hits you with a +0 halberd!
You die...

##<....)....#......#
#..................#
#..................#
#..................#
##..........#......#
##...##...##......#
######...........#
.. #...#.....###...
#..@o.##........
#..<.#......#...
######...#......# .
................#
#####...##......#
###.....#.......#
##.....#.........#
#......###.......#
#...#<.# #........#


You could see an orc warrior.

Vanquished Creatures
  Sigmund (D:2)
  An orc priest (D:2)
  Terence (D:2)
  3 orc wizards
  A worm (D:2)
  A dart slug (D:1)
  7 bats
  5 endoplasms
  3 giant cockroaches
  5 hobgoblins
  3 jackals (D:3)
  3 kobolds
  A quokka (D:2)
  A ball python (D:1)
  3 frilled lizards
  A goblin (D:1)
  2 rats (D:2)
42 creatures vanquished.

Notes
Turn   | Place    | Note
-------+----------+-------------------------------------------
     0 | D:1      | funkygono the Minotaur Fighter began the quest for the Orb.
     0 | D:1      | Reached XP level 1. HP: 19/19 MP: 0/0
   254 | D:1      | Reached XP level 2. HP: 15/27 MP: 1/1
   682 | D:1      | Found a faded altar of an unknown god.
  1083 | D:2      | Found Otemues's Magic Scroll Boutique.
  1092 | D:2      | Reached XP level 3. HP: 23/33 MP: 2/2
  1186 | D:2      | Bought a scroll of identify for 26 gold pieces
  1199 | D:2      | Noticed Terence
  1218 | D:2      | Killed Terence
  1863 | D:2      | Noticed Sigmund
  1870 | D:2      | Killed Sigmund
  1871 | D:2      | Reached skill level 1 in Dodging
  1871 | D:2      | Reached XP level 4. HP: 26/41 MP: 3/3
  1871 | D:2      | Reached XP level 5. HP: 30/47 MP: 4/4
  2584 | D:3      | Reached skill level 5 in Long Blades
  2640 | D:3      | Noticed an orc warrior
  2664 | D:3      | Reached skill level 5 in Armour
  3073 | D:2      | Reached XP level 6. HP: 52/53 MP: 5/5
  3354 | D:3      | Mangled by an orc warrior

Illustrated notes

Levels and vault maps discovered:
D:1:      minmay_arrival_wavy_path, layout_loops_ring,
          shapermc_ecumenical_altar_acropolis, kennysheep_another_room
D:2:      layout_basic, serial_shops, shop, uniq_sigmund, uniq_terence
D:3:      layout_rooms, trog_butcher_becter

Skill      XL: |  1  2  3  4  5 |
---------------+----------------+-----
Fighting       | 4 |  4.6
Shields        | 4 |  4.4
Long Blades    | 3 4 5 |  5.5
Armour         | 4 5 |  5.1
Dodging        | 1 |  1.6

Action                   |  1- 3 |  4- 6 || total
-------------------------+-------+-------++-------
Melee: Long sword        |    91 |    33 ||   124
       Headbutt          |     7 |     5 ||    12
  Use: Potion            |     1 |     1 ||     2
       Scroll            |       |     3 ||     3
Armor: Scale mail        |    61 |       ||    61
       Chain mail        |       |    17 ||    17
Dodge: Dodged            |    52 |    13 ||    65
Block: Buckler           |    14 |    10 ||    24
